 Dungeon Crawl Stone Soup version 0.29-a0-362-g5854e031c7 (webtiles) character file.

Game seed: 5606329872249124625

58 sammy202020 the Skirmisher (level 4, 0/44 HPs)
             Began as a Naga Berserker on Apr 30, 2022.
             Was a Believer of Trog.
             Slain by a gnoll
             ... wielding a +0 club
              (5 damage)
             ... on level 3 of the Dungeon.
             The game lasted 00:03:00 (2428 turns).

sammy202020 the Skirmisher (Naga Berserker)         Turns: 2428, Time: 00:03:00

Health: 0/44       AC:  5    Str: 20    XL:     4   Next: 2%
Magic:  4/4        EV:  9    Int:  9    God:    Trog [**....]
Gold:   170        SH:  0    Dex: 10    Spells: 3/3 levels left

rFire   . . .      SeeInvis +   a - +0 hand axe
rCold   . . .      Faith    .   (no shield)
rNeg    . . .      Spirit   .   l - +0 ring mail
rPois   +          Reflect  .   (no helmet)
rElec   .          Harm     .   (no cloak)
rCorr   .          Rampage  .   e - +0 pair of gloves
Will    .....                   (no barding)
Stlth   ..........              (no amulet)
HPRegen 0.14/turn               (no ring)
MPRegen 0.09/turn               (no ring)

@: very slow
A: AC +1, large, see invisible, deformed body, poison resistance, slowness 2,
spit poison 1, naga tail 1
a: Spit Poison, Renounce Religion, Berserk, Trog's Hand


You were on level 3 of the Dungeon.
You worshipped Trog.
Trog was pleased with you.
You visited 1 branch of the dungeon, and saw 3 of its levels.

You collected 170 gold pieces.

Inventory:

Hand Weapons
 a - a +0 hand axe (weapon)
Armour
 e - a +0 pair of gloves (worn)
 l - a +0 ring mail (worn)
Jewellery
 k - an amulet of faith
Scrolls
 h - a scroll of vulnerability {unknown}
 i - 2 scrolls of magic mapping {unknown}
 j - a scroll of summoning {unknown}
 m - a scroll of amnesia {unknown}
 n - a scroll of fog {unknown}
Potions
 b - a potion of curing {unknown}
 c - a potion of mutation {unknown}
 d - 3 potions of haste {unknown}
 f - 2 potions of heal wounds {unknown}
 g - a potion of magic {unknown}


   Skills:
 * Level 3.6 Fighting
 * Level 3.5 Axes
 * Level 2.1 Armour
 + Level 1.9 Dodging


You had 3 spell levels left.
You didn't know any spells.
Your spell library was empty.

Dungeon Overview and Level Annotations

Branches:
Dungeon (3/15)

Altars:
Ru


Innate Abilities, Weirdness & Mutations

Your serpentine skin is tough. (AC +1)
You have supernaturally acute eyesight. (SInv)
Armour fits poorly on your strangely shaped body.
Your system is resistant to poisons. (rPois)
You cover ground very slowly.
You can spit poison.
You have a snake-like lower body.


Message History

The gnoll shouts! x2
The splash of poison hits the gnoll but does no damage.
The gnoll is poisoned.
The gnoll barely misses you.
You hit the gnoll but do no damage.
A goblin comes into view. It is wielding a +0 club.
The gnoll hits you with a +0 spear. x2; The goblin moves out of view.
You barely miss the gnoll.
The gnoll is lightly wounded.
You hit the gnoll. The gnoll barely misses you.
An endoplasm comes into view.
The endoplasm quivers.
You hit the gnoll.
The gnoll is heavily wounded.
You hit the gnoll. You hit the gnoll but do no damage.
The gnoll barely misses you. x2; The gnoll hits you with a +0 whip!
You closely miss the gnoll.
The gnoll is heavily wounded.
You barely miss the gnoll. You hit the gnoll. The gnoll barely misses you.
The gnoll closely misses you. x2; The gnoll hits you but does no damage.
The goblin shouts!
You hit the gnoll but do no damage.
The gnoll is heavily wounded.
You hit the gnoll. x2
You have got your breath back.
The gnoll looks more healthy.
The gnoll hits you but does no damage. x2
The gnoll hits you with a +0 club. The gnoll closely misses you.
You hit the gnoll but do no damage.
The gnoll is heavily wounded.
You hit the gnoll. x2; The gnoll closely misses you.
The gnoll hits you from afar with a +0 spear!
The gnoll hits you with a +0 club. The gnoll closely misses you.
You hit the gnoll but do no damage.
The gnoll is heavily wounded.
You hit the gnoll. x2; The gnoll hits you with a +0 flail.
* * * LOW HITPOINT WARNING * * *
The gnoll hits you from afar with a +0 spear.
* * * LOW HITPOINT WARNING * * *
The gnoll hits you with a +0 club.
You die...

... ..............
....... ...............
....... ...............
........ #..............
........##.............†
.......#.#.............<
........#..........++...
...#...............##...
#...g@............^...
+#.ggg...........#....
#........+#.#+#†#.....
...#J#.....#.#..........
..g.....................
.............#.......##+
........................
.#.......#.#.#.#+#......
......#+#.#.#.......


You could see 4 gnolls, an endoplasm and a goblin.

Vanquished Creatures
  An adder (D:2)
  A worm (D:2)
  A dart slug (D:2)
  6 bats
  3 endoplasms
  2 giant cockroaches (D:2)
  4 goblins
  3 hobgoblins
  4 jackals (D:1)
  6 kobolds
  2 quokkas (D:1)
  3 ball pythons
  2 frilled lizards (D:1)
  2 rats (D:1)
40 creatures vanquished.

Notes
Turn   | Place    | Note
-------+----------+-------------------------------------------
     0 | D:1      | sammy202020 the Naga Berserker began the quest for the Orb.
     0 | D:1      | Reached XP level 1. HP: 21/21 MP: 1/1
   161 | D:1      | Reached XP level 2. HP: 4/28 MP: 2/2
   166 | D:1      | HP: 1/28 [frilled lizard (1)]
   922 | D:1      | Found a faded altar of an unknown god.
  1167 | D:2      | Reached XP level 3. HP: 25/34 MP: 3/3
  1921 | D:2      | Reached ** piety under Trog
  2297 | D:3      | Found a sacrificial altar of Ru.
  2313 | D:3      | Reached XP level 4. HP: 33/44 MP: 4/4
  2428 | D:3      | Slain by a gnoll

Illustrated notes

Levels and vault maps discovered:
D:1:      heliophobic_arrival_henge, layout_basic,
          shapermc_ecumenical_altar_petra
D:2:      minmay_evil_eye, layout_basic
D:3:      layout_basic, mainiacjoe_overflow_cross_hatched

Skill      XL: |  1  2 |
---------------+-------+-----
Armour         | 2 |  2.1
Fighting       | |  3.6
Axes           | |  3.5
Dodging        | |  1.9

Action                   |  1- 3 |  4- 6 || total
-------------------------+-------+-------++-------
Melee: Hand axe          |   120 |     7 ||   127
       Punch             |     1 |       ||     1
 Abil: Spit Poison       |     9 |     2 ||    11
  Use: Scroll            |     2 |       ||     2
Armor: Animal skin       |     7 |       ||     7
       Leather armour    |    33 |       ||    33
       Ring mail         |     2 |     3 ||     5
Dodge: Dodged            |    55 |    10 ||    65

Table legend: (Time is in decaauts)
 A = Elapsed time spent in this place.
 B = Non-inter-level travel time spent in this place.
 C = Inter-level travel time spent in this place.
 D = Time resting spent in this place.
 E = Time spent auto-exploring this place.
 F = Levels seen in this place.
 G = Mean time per level.
                   A        B        C        D        E       F      G
               +--------+--------+--------+--------+--------+-----+--------+
         Total |   2850 |   2827 |     23 |     27 |   2321 |   3 |  950.0 |
       Dungeon |   2850 |   2827 |     23 |     27 |   2321 |   3 |  950.0 |
               +--------+--------+--------+--------+--------+-----+--------+

Top non-repeatable levels by time:
     D:1: 1331 daAuts
     D:2: 1304 daAuts
     D:3: 214 daAuts
